Cogmind - Beta 9.4 @@@ ROGUE MODE // 2020.03.10 @ 00:02:20 // AFD2019/Pay2Buy Player: K.Ioz Result: Destroyed by Y-45 Defender with Heavy Assault Rifle Performance ------------- Evolutions (1) 500 Regions Visited (3) 600 Robots Destroyed (8) 40 Value Destroyed (190) 190 Prototype IDs (2) 40 Alien Tech Used (0) 0 Bonus (0) 0 TOTAL SCORE: 1370 Bonus ------- None Cogmind --------- Core Integrity 0/400 Matter 300/300 Energy 98/100 System Corruption 0% Temperature Cool (9) Movement Core (50) Location -9/Storage Parts ------- > --- POWER (1) -------- (None) > --- PROPULSION (2) --- (None) > --- UTILITY (3) ------ (None) > --- WEAPON (3) ------- (None) > --- INVENTORY (10) --- Medium Matter Pod (100) Terrain Scanner Small Laser Peak State ------------ > --- POWER ------------ (None) > --- PROPULSION ------- Compact Wheel Compact Wheel > --- UTILITY ---------- Sensor Array Terrain Scanner > --- WEAPON ----------- Beam Rifle Maul > --- INVENTORY -------- Medium Matter Pod Signal Interpreter Small Laser [Rating: 8] Favorites ----------- Power None Propulsion Compact Wheel Wheel Compact Wheel Utility Sensor Array Device Sensor Array Processor Signal Interpreter Weapon Maul Energy Gun Beam Rifle Special Weapon Plasma Cutter Impact Weapon Maul Build | -11 -10 -9 -9 ------- Run | Scr Mat Mat Sto Slots Evolved 2 | . . 2 . Power . | . . . . Propulsion . | . . . . Utility 1 | . . 1 . Weapon 1 | . . 1 . Parts Attached 1 | 1 . . . Power . | . . . . Engine . | . . . . Core . | . . . . Reactor . | . . . . Propulsion . | . . . . Treads . | . . . . Leg . | . . . . Wheel . | . . . . Hover . | . . . . Flight . | . . . . Utility 1 | 1 . . . Device . | . . . . Storage . | . . . . Processor 1 | 1 . . . Hackware . | . . . . Protection . | . . . . Artifact . | . . . . Weapon . | . . . . Energy Gun . | . . . . Energy Cannon . | . . . . Ballistic Gun . | . . . . Ballistic Cannon . | . . . . Launcher . | . . . . Special Weapon . | . . . . Impact Weapon . | . . . . Slashing Weapon . | . . . . Piercing Weapon . | . . . . Special Melee Weapon . | . . . . Unidentified Prototypes . | . . . . Parts Lost 8 | . 6 2 . Power . | . . . . Propulsion 2 | . 2 . . Utility 2 | . 2 . . Weapon 4 | . 2 2 . Highest Loss Streak 6 | . 6 1 . Average Slot Usage (%) 28 | . 60 7 . Wheel 7 | . 17 . . Device 3 | . 8 . . Processor 5 | . 13 . . Energy Gun 2 | . 6 . . Impact Weapon 8 | . 14 6 . Naked Turns 94 | . . 51 43 Heaviest Build 8 | 8 7 3 . Greatest Support 32 | 32 32 3 3 Greatest Overweight (x) . | . . . . Average Overweight (x) . | . . . . Largest Inventory Capacity 10 | 10 10 10 10 Average Capacity 10 | 10 10 10 10 Most Carried 3 | 3 3 3 3 Average Carried 3 | 3 3 3 3 Final Capacity 10 | 10 10 10 10 Final Carried 3 | 3 3 3 3 Class Distribution -------------------- 100% | Mutant Dominant Class ---------------- Mutant | -10/Materials Mutant | -9/Materials Mutant | -9/Storage Resources | -11 -10 -9 -9 ----------- Run | Scr Mat Mat Sto Matter Collected 228 | . 55 173 . Remotely . | . . . . Salvage Created 261 | . 74 187 . Parts . | . . . . Haulers Intercepted . | . . . . Recyclers Shooed . | . . . . Parts Field Recycled . | . . . . Retrieved Matter . | . . . . Parts Self-Destructed . | . . . . Prevented . | . . . . Kills | -11 -10 -9 -9 ------- Run | Scr Mat Mat Sto Combat Hostiles Destroyed 6 | . 3 3 . Melee 5 | . 2 3 . Classes Destroyed 5 | . 2 3 . Operator 1 | . . 1 . Watcher 1 | . . 1 . Swarmer 2 | . 2 . . Grunt 3 | . 1 2 . Brawler 1 | . . 1 . Best Kill Streak 2 | . 2 2 . Combat Bots Only 2 | . 2 2 . Max Kills in Single Turn 1 | . 1 1 . Gunslinging . | . . . . Exploded . | . . . . Melee 1 | . 1 1 . Uniques/NPCs Destroyed . | . . . . Combat | -11 -10 -9 -9 -------- Run | Scr Mat Mat Sto Damage Taken 945 | . 433 480 32 Core 605 | . 192 381 32 Absorbed by Shields . | . . . . Core Remaining (%) 61 | 100 23 . . Volleys Fired 3 | . . 3 . Largest 1 | . . 1 . Hottest 20 | . . 20 . Shots Fired 3 | . . 3 . Gun . | . . . . Cannon . | . . . . Launcher . | . . . . Special 3 | . . 3 . Kinetic . | . . . . Thermal 3 | . . 3 . Explosive . | . . . . Electromagnetic . | . . . . Robot Hit Streak 1 | . . 1 . Robot Miss Streak 1 | . . 1 . Penetration Max . | . . . . Secondary Targets . | . . . . Shots Hit Robots 31 | . 19 12 . Core Hits 17 | . 3 14 . Critical Hits . | . . . . Critical Kills . | . . . . Critical Parts Destroyed . | . . . . Melee Attacks 42 | . 28 14 . Impact 42 | . 28 14 . Slashing . | . . . . Piercing . | . . . . Sneak Attacks 1 | . 1 . . Combat Hostiles . | . . . . Follow-up Attacks . | . . . . Damage Inflicted 896 | . 524 372 . Guns . | . . . . Cannons . | . . . . Explosions . | . . . . Melee 801 | . 524 277 . Ramming 74 | . . 74 . Kinetic . | . . . . Thermal 21 | . . 21 . Explosive . | . . . . Electromagnetic . | . . . . Impact 801 | . 524 277 . Slashing . | . . . . Piercing . | . . . . Highest Corruption . | . . . . Average Corruption . | . . . . Corruption Purged . | . . . . Overload Shots . | . . . . Overflow Damage 93 | . 46 47 . Projectiles . | . . . . Explosions . | . . . . Melee 93 | . 46 47 . Knockbacks 3 | . 2 1 . Impact 3 | . 2 1 . Kinetic . | . . . . Secondary . | . . . . Self-Inflicted Damage 32 | . . 32 . Shots . | . . . . Rammed 21 | . . 21 . Targets Rammed 21 | . . 21 . Kicked . | . . . . Crushed . | . . . . Highest Temperature . | . . . . Average Temperature . | . . . . Received Heat Transfer 315 | . 162 144 9 Siege Activations . | . . . . Robots Corrupted . | . . . . Combat Hostiles . | . . . . Parts Fried . | . . . . Impact Corruptions 10 | . 4 6 . Robots Melted . | . . . . Combat Hostiles . | . . . . Parts Melted . | . . . . Heat Transferred 74 | . . 74 . Parts Sabotaged . | . . . . Parts Stolen . | . . . . Parts Stripped . | . . . . Power Chain Reactions . | . . . . Missiles Intercepted . | . . . . Alert | -11 -10 -9 -9 ------- Run | Scr Mat Mat Sto Peak Influence 258 | . 70 258 123 Average Influence 90 | . 28 173 111 Maximum Alert Level 1 | . . 1 . Low Security (%) 84 | 100 100 62 100 Level 1 15 | . . 37 . Level 2 . | . . . . Level 3 . | . . . . Level 4 . | . . . . Level 5 . | . . . . High Security . | . . . . Max Security . | . . . . Squads Dispatched 4 | . 1 1 2 Investigation . | . . . . Extermination . | . . . . Reinforcement 4 | . 1 1 2 Assault . | . . . . Garrison . | . . . . Intercept . | . . . . Construction Impeded . | . . . . Haulers Reinforced . | . . . . Stealth | -11 -10 -9 -9 --------- Run | Scr Mat Mat Sto Distress Signals 3 | . . 2 1 Communications Jammed . | . . . . Distress Signals . | . . . . Times Spotted 31 | . 9 18 4 Peak Tracking Total 9 | . 5 9 5 Tactical Retreats 7 | . 2 5 . Traps | -11 -10 -9 -9 ------- Run | Scr Mat Mat Sto Traps Triggered 2 | . . . 2 Indirectly . | . . . . Trap Hack Attempts . | . . . . Triggered . | . . . . Disarmed . | . . . . Reprogrammed . | . . . . Reused . | . . . . Traps Extracted . | . . . . Installed . | . . . . Triggered . | . . . . Machines | -11 -10 -9 -9 ---------- Run | Scr Mat Mat Sto Machines Disabled . | . . . . Max in Single Turn . | . . . . Machines Sabotaged . | . . . . Garrisons Compromised . | . . . . Overloaded Fab Kills . | . . . . Fab Network Shutdowns . | . . . . Hacking | -11 -10 -9 -9 --------- Run | Scr Mat Mat Sto Machines Accessed 1 | . . 1 . Terminals 1 | . . 1 . Fabricators . | . . . . Repair Stations . | . . . . Recycling Units . | . . . . Scanalyzers . | . . . . Garrison Access . | . . . . Total Hacks 2 | . . 2 . Successful 1 | . . 1 . Failed 1 | . . 1 . Catastrophic . | . . . . Database Lockouts . | . . . . Manual . | . . . . Terminals 2 | . . 2 . Fabricators . | . . . . Repair Stations . | . . . . Recycling Units . | . . . . Scanalyzers . | . . . . Garrison Access . | . . . . Terminal Hacks 1 | . . 1 . Prototype ID Bank 1 | . . 1 . Fabricator Hacks . | . . . . Repair Station Hacks . | . . . . Recycling Unit Hacks . | . . . . Scanalyzer . | . . . . Garrison Access Hacks . | . . . . Unauthorized Hacks . | . . . . Terminals . | . . . . Fabricators . | . . . . Repair Stations . | . . . . Recycling Units . | . . . . Scanalyzers . | . . . . Garrison Access . | . . . . Data Cores Recovered . | . . . . Used . | . . . . Hacking Detections 1 | . . 1 . Full Trace Events . | . . . . Feedback Events . | . . . . Feedback Blocked . | . . . . Robot Schematics Acquired . | . . . . Robots Built . | . . . . Matter . | . . . . Time . | . . . . Total Robot Build Rating . | . . . . Part Schematics Acquired . | . . . . Parts Built . | . . . . Matter . | . . . . Time . | . . . . Total Part Build Rating . | . . . . Parts Repaired . | . . . . Time . | . . . . Parts Recycled . | . . . . Recycled Matter . | . . . . Retrieved Matter . | . . . . Retrieved Components . | . . . . Parts Scanalyzed . | . . . . Part Schematics Acquired . | . . . . Parts Damaged . | . . . . Bothacking | -11 -10 -9 -9 ------------ Run | Scr Mat Mat Sto Used RIF Installer . | . . . . Robots Hacked . | . . . . Non-combat . | . . . . Combat . | . . . . Robot Hacks Applied . | . . . . Relay Couplers Released . | . . . . Robots Rewired . | . . . . Allies Hacked . | . . . . Hacks Repelled . | . . . . Allies | -11 -10 -9 -9 -------- Run | Scr Mat Mat Sto Total Allies . | . . . . Largest Group . | . . . . Highest-Rated Group . | . . . . Highest-Rated Ally . | . . . . Total Orders . | . . . . Ally Attacks . | . . . . Total Damage . | . . . . Kills . | . . . . Allies Corrupted . | . . . . Allies Melted . | . . . . Intel | -11 -10 -9 -9 ------- Run | Scr Mat Mat Sto Robot Analysis Total . | . . . . Derelict Logs Recovered . | . . . . Drone Launches . | . . . . Drone Recoveries . | . . . . Exploration | -11 -10 -9 -9 ------------- Run | Scr Mat Mat Sto Turns Passed 447 | 71 153 180 43 Spaces Moved 391 | 70 80 215 26 Core 264 | . 23 215 26 Treads . | . . . . Legs . | . . . . Wheels 127 | 70 57 . . Hover . | . . . . Flight . | . . . . Fastest Speed 50 | 100 50 50 50 Average Speed 66 | 100 85 50 50 Slowest Speed 100 | 100 100 50 50 Overloaded Moves . | . . . . Propulsion Burnouts . | . . . . Robots Hopped . | . . . . Cave-ins Triggered . | . . . . Exploration Rate (%) 12 | 4 15 23 8 Regions Visited 3 Branch Regions 1 Pre-discovered Areas . | . . . . Known Exits Taken 1 | 1 . . . Unknown Exits Taken 2 | . 1 1 . Scrap Searched . | . . . . Spaces Dug . | . . . . Terrain Destroyed . | . . . . Melee . | . . . . Projectile . | . . . . AOE . | . . . . Actions | -11 -10 -9 -9 --------- Run | Scr Mat Mat Sto Total 486 | 71 107 252 56 Wait . | . . . . Move 388 | 69 79 214 26 Hop . | . . . . Pick Up . | . . . . Fast Attach . | . . . . Attach 1 | 1 . . . Detach 1 | 1 . . . Swap . | . . . . Drop . | . . . . Fire 3 | . . 3 . Melee 42 | . 28 14 . Ram 21 | . . 21 . Kick . | . . . . Crush . | . . . . Escape Stasis 30 | . . . 30 Rewire . | . . . . Trap . | . . . . Miscellaneous . | . . . . Route ------- -11/Scrapyard -10/Materials -9/Materials -9/Storage History --------- Turn | Location | Event 57 | -11/Scrapyard | Discovered new exit (range 15) 71 | -11/Scrapyard | Identified exit to Materials 72 | -11/Scrapyard | Entered Materials 190 | -10/Materials | Core integrity fell below 50% 216 | -10/Materials | Discovered new exit (range 16) 225 | -10/Materials | Entered another Materials area 225 | -9/Materials | Evolved 2 slots: Utility x1, Weapon x1 242 | -9/Materials | Lost 6 parts (2n2u2w) 316 | -9/Materials | Build established: Mutant 332 | -9/Materials | Core integrity fell below 50% 340 | -9/Materials | Core integrity fell below 20% 399 | -9/Materials | Discovered new exit (range 10) 405 | -9/Materials | Entered Storage 448 | -9/Storage | Destroyed by Y-45 Defender with Heavy Assault Rifle Last Messages --------------- 00430_ Field strength at 40. 00431_ Field strength at 34. 00432_ Field strength at 28. 00433_ Field strength at 22. 00434_ Field strength at 16. 00435_ Field strength at 10. 00436_ Field strength at 4. 00437_ Stasis field depleted. 00438_ U-05 Engineer lays Concrete. 00438_ O-16 Technician: "IFF HANDSHAKE FAILED. SECURING TERMINAL." 00439_ U-05 Engineer lays Concrete. 00439_ O-16 Technician: "IFF HANDSHAKE FAILED. SECURING TERMINAL." 00442_ O-16 Technician uses terminal to summon reinforcements. 00442_ ALERT: Hostiles spotted, dispatching reinforcements to Terminal S002. 00442_ O-16 Technician locks terminal. 00444_ O-16 Technician uses terminal to summon reinforcements. 00444_ ALERT: Hostiles spotted, dispatching reinforcements to Terminal S013. 00444_ O-16 Technician locks terminal. Map ----- +----------------------------------------------------+ | | | | | | | | | | | | | | | | | | | | | | | | | ????????????###?????????????????????? | | ???????????#"""#????????????????????? | | ???????#####"T"###??????????????????? | | ???????# #??????????????????? | | ???##### ""#??????????????????? | | ???# # T"#??????????????????? | | ???# # """ ""#??????????????????? | | ???# # """ #??????????????????? | | ???# # """ #??????????????????? | | ???# # #??????????????????? | | ???# # #??????????????????? | | ???# #####+##+######+##???????????? | | ???# u Y ????????? | | ???# @ ????????? | | ???# g????????? | | ???#########+########### ##?????????? | | ????????????????????????????????????? | | ????????????????????????????????????? | | ????????????????????????????????????? | | ????????????????????????????????????? | | ????????????????????????????????????? | | ????????????????????????????????????? | | ????????????????????????????????????? | | ????????????????????????????????????? | | ????????????????????????????????????? | | ????????????????????????????????????? | | ????????????????????????????????????? | | ????????????????????????????????????? | | ????????????????????????????????????? | | ????????????????????????????????????? | | ????????????????????????????????????? | | ????????????????????????????????????? | | ????????????????????????????????????? | | ????????????????????????????????????? | | ????????????????????????????????????? | | ????????????????????????????????????? | | ????????????????????????????????????? | | ????????????????????????????????????? | +----------------------------------------------------+ Best States ------------- Heat Dissipation 28 Energy Generation 5 Energy Capacity 100 Matter Stores 300 Matter Capacity 300 Sight Range 16 Robot Scan Range 10 Terrain Scan Range 14 Terrain Scan Density 10 Evasion (%) 50 Item Schematics ----------------- None Robot Schematics ------------------ None Fabricated ------------ Nothing Alien Tech Used ----------------- None Achievements -------------- None Challenges ------------ None Cogshop Purchases (11) ------------------------ Com. Wheel (659) Com. Wheel (659) Terrain Scanner (Loot Box) Beam Rifle (Loot Box) Sensor Array (Loot Box) Maul (Loot Box) Med. Matter Pod (Loot Box) Signal Interpreter (Loot Box) Sml. Laser (Loot Box) Hvy. Hammer (673) Plasma Cutter (596) Game ------ Seed MassHypercooledSuite Manual? 0 Play Time 00:06:34 Cumulative 135.2 hours Start 2020.03.09 @ 23:55:52 End 2020.03.10 @ 00:02:20 Sessions 1 Manual Loads 0 Difficulty Rogue Special Mode AFD2019/Pay2Buy Game No. 89 Rogue 71 Adventurer 0 Explorer 18 Win Type - Total 2 Types 2/0/0/0/0/0/0 Lore% 58 Gallery% 58 Achievement% 52 Wizard Run 0 Options --------- ASCII 0 Keyboard 1 Movement Vi Keybinds 0 Fullscreen 0 Font 16/SmallcapsGlow Map View 76x50 Tactical HUD 1 Map Filters NONE Filters LOW_CONTRAST(47,30,31)|SHIFT_HUE(250) Steam 1 RUN: 07cde957-278a-4bba-80ec-20439f38981a